 Dungeon Crawl Stone Soup version 0.31-a0-175-g9f7f995f2b (webtiles) character file.

Game seed: 1069853889902834302

51 qw the Shooter (level 3, -1/22 HPs)
             Began as a Gargoyle Hunter on June 17, 2023.
             Slain by an orc priest
             ... wielding a +0 flail
              (3 damage)
             ... on level 4 of the Dungeon.
             The game lasted 00:00:25 (720 turns).

qw the Shooter (Gargoyle Hunter)                     Turns: 720, Time: 00:00:25

Health: -1/22      AC: 10    Str: 14    XL:     3   Next: 81%
Magic:  3/3        EV: 10    Int:  9    God:
Gold:   52         SH:  0    Dex: 15    Spells: 2/2 levels left

rFire   . . .        Y - +0 shortbow
rCold   . . .        (shield currently unavailable)
rNeg    + . .        d - +0 ring mail
rPois   inf          b - +2 hat
rElec   +            (no cloak)
rCorr   .            (no gloves)
SInv    .            (no boots)
Will    .....        (no amulet)
Stlth   +            (no ring)
HPRegen 0.23/turn    (no ring)
MPRegen 0.08/turn

%: no passive effects
@: no status effects
A: sickness immunity, AC +3, negative energy resistance 1, electricity
resistance, torment resistance 1, petrification resistance
a: no special abilities


You were on level 4 of the Dungeon.
You visited 1 branch of the dungeon, and saw 3 of its levels.

You collected 52 gold pieces.


Innate Abilities, Weirdness & Mutations

You are immune to sickness and miasma.
Your stone body is resilient. (AC +3)
You are immune to poison.
You resist negative energy. (rN+)
You are resistant to electric shocks. (rElec)
You are resistant to unholy torment.
You are immune to petrification.


   Skills:
 + Level 2.6 Fighting
 - Level 5.0 Ranged Weapons
 - Level 1.0 Armour
 - Level 1.5 Dodging
 - Level 1.1 Stealth


You had 2 spell levels left.
You didn't know any spells.
Your spell library was empty.

Inventory:

Hand Weapons
 Y - a +0 shortbow (weapon)
Armour
 b - a +2 hat (worn)
 d - a +0 ring mail (worn)
Potions
 a - a potion of curing {unknown}

Dungeon Overview and Level Annotations

Branches:
Dungeon (4/15)
 Temple: D:4-7

Altars:


Message History

An orc wizard comes into view. It is wielding a +0 dagger.
You shoot an arrow. The arrow hits the kobold.
The kobold is heavily wounded.
You shoot an arrow.
The arrow hits the kobold but does no damage.
The kobold is moderately wounded.
The orc wizard points at you and mumbles some strange words.
You are confused.
An orc priest comes into view. It is wielding a +0 flail.
The orc priest shouts!
The kobold closely misses you. The kobold hits you but does no damage.
The kobold hits you with a +0 whip.
The orc priest looks satisfied for a moment.
The orc barely misses you. The kobold hits you but does no damage.
The orc closely misses you.
The orc priest mumbles some strange prayers to Beogh against you.
Pain shoots through your body! The kobold closely misses you.
The orc wizard hits you but does no damage.
You feel less confused. The kobold hits you but does no damage.
The orc priest mumbles some strange prayers to Beogh against you.
Pain shoots through your body!
The orc wizard hits you with a +0 dagger.
The orc hits you but does no damage.
You shoot an arrow.
The arrow hits the kobold but does no damage.
The kobold is moderately wounded.
The kobold hits you but does no damage. The orc closely misses you.
The orc wizard hits you but does no damage.
You shoot an arrow. The arrow closely misses the kobold.
The orc hits you but does no damage. The kobold hits you with a +0 whip.
The orc wizard hits you but does no damage.
The orc barely misses you. The kobold hits you but does no damage.
The orc wizard hits you but does no damage.
You shoot an arrow. The arrow barely misses the kobold.
The kobold hits you but does no damage.
The orc priest hits you with a +0 flail.
You die...

.......).....#
..........#.##
............#
.........###
.........#
.........#
.........#
......o..#
...)..o@.#
...)..Ko.#
.........#
>........#
..........
...........
.....<.....
............


You could see an orc priest, an orc wizard, an orc and a kobold.

Vanquished Creatures
  A worm (D:2)
  2 dart slugs (D:1)
  An orc (D:2)
  2 ball pythons (D:1)
  4 endoplasms (D:1)
  2 giant cockroaches
  3 goblins (D:1)
  5 hobgoblins
  2 jackals (D:2)
  7 kobolds
  2 quokkas
  2 bats (D:1)
  4 rats (D:1)
37 creatures vanquished.

Notes
Turn   | Place    | Note
-------+----------+-------------------------------------------
     0 | D:1      | qw the Gargoyle Hunter began the quest for the Orb.
     0 | D:1      | Reached XP level 1. HP: 12/12 MP: 1/1
     0 | D:1      | 0 ||| qw: Version: 0.3-a-2-g5ab2908
     0 | D:1      | 0 ||| qw: Game counter: 171
     0 | D:1      | 0 ||| qw: Always use a shield: true
     0 | D:1      | 0 ||| qw: God list: Okawaru
     0 | D:1      | 0 ||| qw: Allow faded altars: false
     0 | D:1      | 0 ||| qw: Do Orc after D:15 true
     0 | D:1      | 0 ||| qw: Do second Lair branch before Depths: true
     0 | D:1      | 0 ||| qw: Lair rune preference: random
     0 | D:1      | 0 ||| qw: Plans: Normal, Zot:1-4, Slime:5, God:TSO, Crypt,
                  | Tomb, Abyss, Pan, Hells, Win
     0 | D:1      | 0 ||| PLANNING D:1-11
    51 | D:1      | Reached XP level 2. HP: 17/17 MP: 2/2
   115 | D:1      | Reached XP level 3. HP: 19/21 MP: 3/3
   129 | D:1      | 129 ||| DROPPING +2 sling of flaming.
   160 | D:1      | Reached skill level 5 in Ranged Weapons
   394 | D:1      | 394 ||| UPGRADING to +0 ring mail.
   404 | D:1      | 404 ||| DROPPING +0 leather armour.
   405 | D:1      | 405 ||| READING scroll labelled AMNEAK MEJEI.
   406 | D:1      | 406 ||| READING scroll labelled XUIFOANIGGO.
   407 | D:1      | 407 ||| READING scroll labelled NAFIFO COHYT.
   408 | D:1      | 408 ||| DROPPING scroll of butterflies.
   570 | D:2      | Reached skill level 1 in Armour
   668 | D:2      | You fall into a shaft and drop 2 floors!
   700 | D:4      | 700 ||| UPGRADING to +2 hat.
   719 | D:4      | HP: 2/22 [kobold/+0 whip (5)]
   720 | D:4      | Slain by an orc priest

Levels and vault maps discovered:
D:1:      lemuel_arrival_broad_hall, layout_rooms, serial_bayou_pond_b
D:2:      layout_loops_ring, basic_altar
D:4:      layout_gridville, evilmike_ruin_ashenzari,
          nicolae_overflow_hidden_temple, minmay_temple_entry_antechambers,
          roderic_lattice_a, minmay_misc_feat_rows

Skill      XL: |  1  2  3 |
---------------+----------+-----
Ranged Weapons | 5 |  5.0
Armour         | 1 |  1.0
Fighting       | |  2.6
Dodging        | |  1.5
Stealth        | |  1.1

Action                     || total
---------------------------++-------
   Fire: Shortbow          ||   109
    Use: Scroll            ||     3
 Armour: Leather armour    ||    11
         Ring mail         ||    27
  Dodge: Dodged            ||    39

Table legend:
 A = Non-vault XP
 B = Vault XP
 C = Vault XP percentage of total XP
 D = Non-vault monster count
 E = Vault monster count
 F = Vault count percentage of total count
                 A         B        C        D         E       F
            +---------+---------+-------+---------+---------+-------
      Total |      63 |      10 |  13.7 |      31 |       6 |  16.2
            +---------+---------+-------+---------+---------+-------
        D:1 |      38 |      10 |  20.8 |      19 |       6 |  24.0
        D:2 |      21 |       0 |   0.0 |      10 |       0 |   0.0
        D:4 |       4 |       0 |   0.0 |       2 |       0 |   0.0
            +---------+---------+-------+---------+---------+-------
